 Dungeon Crawl Stone Soup version 0.31-a0-549-gf98fd537a9 (webtiles) character file.

Game seed: 13220284420111577231

145 Ethylacetat the Ducker (level 5, 0/36 HPs)
             Began as an Octopode Gladiator on Aug 16, 2023.
             Slain by an orc
             ... wielding a +0 club
              (3 damage)
             ... on level 4 of the Dungeon.
             The game lasted 00:02:32 (2323 turns).

Ethylacetat the Ducker (Octopode Gladiator)         Turns: 2323, Time: 00:02:33

Health: 0/36       AC:  1    Str: 13    XL:     5   Next: 27%
Magic:  5/5        EV: 14    Int: 11    God:
Gold:   80         SH:  0    Dex: 15    Spells: 4/4 levels left

rFire   . .          .
                       - Unarmed
rCold   . . .        (no shield)
rNeg    . . .        a - melded +0 hat
rPois   .            (no amulet)
rElec   .            (no ring)
rCorr   .            (no ring)
SInv    .            (no ring)
Will    .....        (no ring)
Stlth   ++           (no ring)
HPRegen 0.26/turn    (no ring)
MPRegen 0.09/turn    (no ring)
                     (no ring)

%: no passive effects
@: beast-form
A: beast (slay +1), almost no armour, amphibious, 8 rings, camouflage 1,
gelatinous body 1, (nimble swimmer 1), tentacles
a: Begin Untransformation


You were on level 4 of the Dungeon.
You were a hulking beast.
You visited 1 branch of the dungeon, and saw 4 of its levels.

You collected 80 gold pieces.

Inventory:

Missiles
 b - 3 throwing nets (quivered)
 c - 5 javelins
Armour
 a - a +0 hat (melded)
Jewellery
 q - a ring of resist corrosion
Talismans
 k - a beast talisman (active)
 s - a serpent talisman
Scrolls
 d - 3 scrolls of fog {unknown}
 f - a scroll of enchant weapon {unknown}
 g - a scroll of teleportation {unknown}
 i - 2 scrolls of identify {unknown}
 m - a scroll of blinking {unknown}
 o - a scroll of poison {unknown}
 t - 2 scrolls of amnesia {unknown}
Potions
 e - a potion of invisibility {unknown}
 h - 2 potions of lignification {unknown}
 j - a potion of berserk rage {unknown}
 l - a potion of brilliance {unknown}
 n - 2 potions of mutation {unknown}
 p - a potion of might {unknown}
 r - a potion of degeneration {unknown}


   Skills:
 + Level 3.1 Fighting
 - Level 2.1 Throwing
 + Level 3.8 Dodging
 + Level 3.8 Unarmed Combat
 * Level 1.7 Shapeshifting


You had 4 spell levels left.
You didn't know any spells.
Your spell library contained the following spells:

 Spells                   Type           Power      Damage    Failure   Level
 Magic Dart               Conj           0%         1d3       34%         1
 Shock                    Conj/Air       0%         1d3       34%         1
 Call Imp                 Summ           0%         N/A       47%         2
 Frozen Ramparts          Ice            0%         1d1       71%         3
 Mephitic Cloud           Conj/Pois/Air  0%         N/A       71%         3
 Volatile Blastmotes      Fire/Tloc      0%         2d10      71%         3
 Fulminant Prism          Conj/Hex       0%         3d5       98%         4
 Iskenderun's Mystic Bla  Conj/Tloc      0%         2d3       98%         4
 Petrify                  Tmut/Erth      0%         N/A       98%         4
 Summon Lightning Spire   Summ/Air       0%         N/A       98%         4
 Metabolic Englaciation   Hex/Ice        0%         N/A       100%        5


Dungeon Overview and Level Annotations

Branches:
Dungeon (4/15)
 Temple: D:4-7

Altars:
Okawaru
The Shining One


Innate Abilities, Weirdness & Mutations

You are a hulking beast.
Your limbs bulge with bestial killing power. (Slay +1)
You cannot wear most types of armour.
You are amphibious.
You can wear up to eight rings at the same time.
Your skin changes colour to match your surroundings (Stealth+).
Your rubbery body absorbs attacks. (AC +1, EV +1)
((You are camouflaged when in or above water. (Stealth+)))
You have tentacles for arms and can constrict up to eight enemies at once.


Message History

You constrict the iguana. The iguana bites you.
The orc hits you with a +0 hand axe. The orc hits you with a +0 club.
The kobold closely misses you.
You tentacle-slap the iguana.
You squeeze the iguana, but do no damage.
The iguana is heavily wounded.
You constrict the iguana, but do no damage.
The iguana bites you. The orc hits you with a +0 hand axe.
The orc hits you with a +0 club. The orc hits you with a +0 whip.
The kobold barely misses you.
You tentacle-slap the iguana.
The iguana is severely wounded.
You constrict the iguana, but do no damage.
The iguana barely misses you. The orc hits you with a +0 hand axe.
* * * LOW HITPOINT WARNING * * *
The orc misses you. The orc barely misses you. The kobold closely misses you.
Unknown command.
You tentacle-slap the iguana but do no damage.
You squeeze the iguana.
The iguana is almost dead.
You constrict the iguana.
You kill the iguana!
The orc barely misses you. The orc completely misses you.
The orc closely misses you. The kobold closely misses you.
You have reached level 5!
You feel clever.
You tentacle-slap the orc. You grab the orc. You squeeze the orc.
You kill the orc!
The orc hits you with a +0 club.
* * * LOW HITPOINT WARNING * * *
The orc misses you. The kobold hits you with a +0 dagger.
* * * LOW HITPOINT WARNING * * *
You tentacle-slap the orc. You grab the orc. You squeeze the orc.
You kill the orc!
The orc hits you with a +0 club.
* * * LOW HITPOINT WARNING * * *
The kobold closely misses you.
You closely miss the orc. You grab the orc. You constrict the orc.
The orc hits you with a +0 club.
You die...

...# ....###
#..... #...# .
..### ###...###..
......#..........
...<...<.........
.................
........Kh)......
..###....)o......
. #.............
.......$.......
##..#...........
.....#.....[....
####.#..####.###
# #.# .#


You could see an orc and a kobold.

Vanquished Creatures
  An orc priest (D:4)
  An iguana (D:4)
  2 adders (D:2)
  A worm (D:2)
  2 dart slugs (D:3)
  2 orcs (D:4)
  9 endoplasms
  2 giant cockroaches (D:1)
  5 hobgoblins
  6 kobolds
  3 quokkas (D:2)
  6 ball pythons
  3 bats (D:2)
  5 frilled lizards
  6 goblins
  7 rats
61 creatures vanquished.

Notes
Turn   | Place    | Note
-------+----------+-------------------------------------------
     0 | D:1      | Ethylacetat the Octopode Gladiator began the quest for the
                  | Orb.
     0 | D:1      | Reached XP level 1. HP: 14/14 MP: 1/1
    78 | D:1      | Reached XP level 2. HP: 19/19 MP: 2/2
   320 | D:1      | Reached XP level 3. HP: 25/25 MP: 3/3
   687 | D:2      | Found a faded altar of an unknown god.
   758 | D:2      | Got Huibatut's Folio of the Meteoric Legion
   876 | D:2      | Reached XP level 4. HP: 23/30 MP: 4/4
  1230 | D:2      | Reached skill level 1 in Shapeshifting
  1610 | D:3      | Found an iron altar of Okawaru.
  1922 | D:3      | Found a glowing golden altar of the Shining One.
  2321 | D:4      | Reached XP level 5. HP: 9/36 MP: 5/5
  2323 | D:4      | Slain by an orc

Illustrated notes

Levels and vault maps discovered:
D:1:      minmay_arrival_up_and_down, layout_rooms, serial_glass,
          glass_columns_c, glass_columns_a, hangedman_decor_clover_reticule,
          grunt_decor_cap
D:2:      layout_basic, shapermc_ecumenical_altar_venn, bh_walls_and_bars
D:3:      layout_basic, mainiacjoe_overflow_paths,
          nicolae_tso_swordbearing_angel, chequers_serial_rivers_small_b,
          chequers_decorated_corner
D:4:      layout_rooms, mainiacjoe_overflow_cross_hatched,
          minmay_misc_feat_five, uniq_robin

Skill      XL: |  1  2  3  4 |
---------------+-------------+-----
Shapeshifting  | 1 |  1.7
Fighting       | 3 |  3.1
Throwing       | |  2.1
Dodging        | |  3.8
Unarmed Combat | |  3.8

Action                     |  1- 3 |  4- 6 || total
---------------------------+-------+-------++-------
  Melee: Unarmed           |    70 |    52 ||   122
         Tentacles         |    12 |    15 ||    27
         Constrict         |    16 |    14 ||    30
         Punch             |     3 |       ||     3
   Stab: Sleeping          |     5 |     7 ||    12
 Armour: Skin              |     4 |       ||     4
  Dodge: Dodged            |    50 |    33 ||    83
   Form: Beast             |     1 |       ||     1

Table legend: (Time is in decaauts)
 A = Elapsed time spent in this place.
 B = Non-inter-level travel time spent in this place.
 C = Inter-level travel time spent in this place.
 D = Time resting spent in this place.
 E = Time spent auto-exploring this place.
 F = Levels seen in this place.
 G = Mean time per level.
                   A        B        C        D        E       F      G
               +--------+--------+--------+--------+--------+-----+--------+
         Total |   2315 |   2252 |     63 |      0 |   1869 |   4 |  578.8 |
       Dungeon |   2315 |   2252 |     63 |      0 |   1869 |   4 |  578.8 |
               +--------+--------+--------+--------+--------+-----+--------+

Top non-repeatable levels by time:
     D:3: 1012 daAuts
     D:2: 707 daAuts
     D:1: 582 daAuts
     D:4: 12 daAuts
